Map: Orbital Shipyard

Players

Hanuman - Winner!

  • Race: Zerg Zerg
  • League: Silver

A.I. 1 (Elite)

  • Race: Zerg Zerg

VOD

Have the link to the VOD?

Description

Time

  • Played on: Feb. 6, 2016, 5:14 a.m.
  • Length: 9:30
Show
View Real Time Build Order
Export as new Build Order

Hanuman Zerg - Winner!

Build Orders: Pool First 

Get SALT Encoding   

  12  0:01  Drone  
  13  0:10  Drone  
  14  0:18  Drone, Extractor  
  14  0:23  Overlord  
  14  0:47  Drone, Spawning Pool  
  14  0:49  Drone  
  15  0:59  Drone  
  15  1:00  Drone  
  17  1:15  Extractor  
  17  1:17  Drone  
  17  1:27  Drone  
  18  1:36  Queen  
  18  1:37  Spine Crawler  
  19  1:42  Drone  
  19  1:43  Spine Crawler  
  19  1:53  Roach Warren  
  18  1:56  Drone  
  18  1:59  Drone  
  19  2:25  Drone x3  
  22  2:38  Overlord  
  22  2:58  Roach  
  22  2:59  Roach x3  
  30  3:10  Hatchery  
  29  3:19  Overlord  
  29  3:36  Drone  
  29  3:37  Roach x2  
  29  3:39  Overlord  
  34  3:49  Lair  
  34  4:15  Drone  
  34  4:16  Drone x4  
  39  4:21  Evolution Chamber  
  38  4:25  Queen  
  40  4:39  Roach x3  
  40  4:45  Roach x2  
  50  4:59  Drone  
  51  5:09  Glial Reconstitution  
  51  5:11  Zerg Missile Weapons Level 1  
  51  5:16  Evolution Chamber  
  51  5:20  Overlord  
  51  5:21  Overlord  
  50  5:36  Roach  
  50  5:37  Overlord  
  52  5:44  Drone x3  
  52  5:45  Drone x3  
  52  5:47  Extractor  
  57  5:50  Extractor  
  56  6:00  Zerg Ground Armor Level 1  
  56  6:10  Ravager x2  
  58  6:15  Roach  
  58  6:16  Roach x3  
  66  6:28  Drone  
  66  6:29  Drone x2, Overlord  
  66  6:30  Drone, Overlord  
  70  6:47  Overlord, Roach x2  
  74  6:55  Roach x3  
  74  6:56  Roach  
  74  7:01  Drone x3  
  85  7:11  Zerg Missile Weapons Level 2  
  85  7:28  Hatchery  
  72  8:44  Roach  
  72  8:45  Roach x6  
  72  8:46  Roach x6  
Show
View Real Time Build Order
Export as new Build Order

A.I. 1 (Elite) Zerg 

Build Orders: Pool First 

Get SALT Encoding   

  12  0:19  Spawning Pool  
  11  0:21  Drone  
  11  0:26  Drone  
  13  0:30  Drone  
  14  0:40  Overlord  
  14  1:08  Zergling x6, Queen  
  19  1:19  Zergling x2  
  20  1:29  Zergling x2  
  21  1:40  Zergling x2  
  22  1:48  Hatchery  
  22  1:52  Overlord  
  21  2:01  Drone  
  22  2:12  Zergling x2  
  22  2:14  Zergling x2  
  22  2:15  Zergling x2  
  25  2:19  Zergling x2  
  25  2:24  Zergling x2  
  26  2:34  Zergling x2  
  27  2:45  Zergling x2  
  27  2:46  Overlord  
  27  2:48  Zergling x2  
  29  3:00  Zergling x6  
  32  3:08  Drone  
  32  3:12  Drone  
  34  3:18  Drone  
  34  3:19  Extractor  
  34  3:21  Drone  
  34  3:26  Drone  
  36  3:30  Drone  
  37  3:49  Extractor  
  37  3:50  Drone  
  37  3:52  Extractor  
  37  3:53  Drone  
  37  4:00  Roach Warren  
  37  4:02  Overlord  
  36  4:05  Drone  
  37  4:11  Drone  
  37  4:13  Drone  
  37  4:16  Drone  
  40  4:20  Drone  
  40  4:23  Drone  
  42  4:31  Lair  
  42  4:41  Roach  
  36  5:00  Extractor  
  36  5:01  Drone  
  36  5:03  Drone, Roach  
  39  5:09  Drone, Roach  
  39  5:13  Roach  
  44  5:20  Overlord  
  44  5:22  Drone  
  44  5:26  Drone  
  46  5:29  Drone  
  46  5:30  Hydralisk Den  
  46  5:32  Drone  
  47  5:36  Drone  
  47  5:39  Drone  
  47  5:42  Drone  
  50  5:46  Drone  
  50  5:49  Drone  
  52  5:54  Overlord  
  52  5:58  Drone  
  52  5:59  Hydralisk  
  52  6:03  Hydralisk  
  57  6:08  Hydralisk  
  59  6:13  Hydralisk  
  59  6:18  Overlord  
  61  6:21  Drone  
  61  6:23  Drone  
  63  6:26  Drone  
  63  6:28  Drone  
  63  6:29  Drone  
  63  6:32  Drone  
  67  6:36  Drone  
  67  6:39  Overlord  
  68  6:41  Drone  
  68  6:45  Drone  
  70  6:51  Drone  
  71  6:56  Drone  
  71  7:00  Drone, Overlord  
  73  7:01  Infestation Pit  
  73  7:02  Drone  
  73  7:05  Drone  
  73  7:07  Drone  
  75  7:12  Drone  
  76  7:18  Drone  
  76  7:21  Overseer  
  77  7:23  Drone  
  77  7:29  Drone  
  79  7:32  Evolution Chamber, Overseer, Roach x3  
  79  7:35  Overlord  
  78  7:39  Hatchery  
  78  7:41  Infestor  
  65  7:46  Zergling x2  
  62  7:51  Zergling x2  
  62  7:55  Roach  
  65  8:02  Roach  
  65  8:03  Hydralisk  
  65  8:04  Roach x2  
  67  8:05  Hydralisk  
  67  8:09  Queen  
  67  8:14  Zergling x2  
  67  8:17  Zergling x2  
  69  8:25  Infestor  
  63  8:28  Infestor  
  60  8:35  Zergling x2  
  60  8:39  Zergling x2  
  49  9:07  Spawning Pool  
  29  9:17  Drone x2  
Tags
 
Add a new tag
Caveats
  • Supply blocks, unpowered buildings, or Contaminate may cause inaccurate times.
  • Supply counts are checked every 10 seconds.